Description

This kind of cheese can be really challenging to hold but there is some ways to know about it :

  • You need to scout it really fast (that the reason why protoss scout early)
  • This ZvP cheese is really engaging for the zerg
  • This cheese looks like many other cheese (roach all-in and baneling bust): The way to hold them is almost the same
  • You can hold it with a Stargate playstyle but it's more tricky

VOD

https://youtu.be/vZjEBxcLqMA

Replay - PvT counter proxy 4rax

Build Order

Get SALT Encoding   

  12  0:01  Probe  
  13  0:14  Probe  
  14  0:18  Pylon  
  14  0:22  Probe  
  15  0:32  Probe  
  15  0:40  Gateway  
  16  0:43  Probe  
  17  0:50  Assimilator  
  17  0:55  Probe  
  18  1:07  Probe  
  18  1:10  Forge  
  19  1:18  Zealot  
  19  1:19  Probe  
  20  1:29  Pylon  
  20  1:31  Probe  
  23  1:45  Photon Cannon  
  23  1:56  Cybernetics Core  
  23  2:04  Photon Cannon  
  23  2:06  Probe  
  24  2:13  Warp Gate  
  24  2:21  Assimilator  
  25  2:32  Stalker  
  28  2:42  Shield Battery  
  28  2:43  Pylon x2  
  28  2:58  Gateway  
  28  3:06  Robotics Facility  
  28  3:17  Stalker  
  30  3:22  Gateway  
  30  3:34  Gateway  
  30  3:41  Pylon  
  30  3:54  Warp Prism  
  32  4:06  Stalker x2  
  36  4:17  Stalker  
  38  4:29  Stalker x2  
  38  4:47  Stalker x2  
  40  5:05  Stalker  
Spawning Tool Build Advisor. Get it on Overwolf

Go to:

Details

  • Created by: zuka      
  • Published on: Jun 10, 2019
  • Modified on: Jun 10, 2019
  • Patch: 4.7.1
Show
View Real Time Build Order
Export as new Build Order

Comments (0)

There are no comments. Be the first!

Create an account to comment!